 Dungeon Crawl Stone Soup version 0.28.0 (webtiles) character file.

Game seed: 12688875636123469256

219 unlimited1921 the Ogre Mage (level 5, -12/48 HPs)
             Began as an Ogre Fire Elementalist on Feb 13, 2022.
             Mangled by a wyvern (15 damage)
             ... on level 4 of the Dungeon.
             The game lasted 00:16:24 (5409 turns).

unlimited1921 the Ogre Mage (OgFE)                  Turns: 5409, Time: 00:16:24

Health: -12/48     AC:  3    Str: 12    XL:     5   Next: 96%
Magic:  8/11       EV: 10    Int: 18    God:
Gold:   154        SH:  0    Dex:  9    Spells: 12/13 levels left

rFire   . . .      SeeInvis .   r - +0 falchion
rCold   . . .      Faith    .   (no shield)
rNeg    . . .      Spirit   .   a - +0 robe
rPois   .          Reflect  .   (helmet restricted)
rElec   .          Harm     .   (no cloak)
rCorr   .          Rampage  .   (gloves unavailable)
Will    .....                   (boots unavailable)
Stlth   ++........              (no amulet)
HPRegen 0.16/turn               (no ring)
MPRegen 0.12/turn               (no ring)

@: very slightly contaminated
A: large, unfitting armour, tough skin 1
a: no special abilities


You were on level 4 of the Dungeon.
You visited 1 branch of the dungeon, and saw 4 of its levels.

You collected 154 gold pieces.

Inventory:

Hand Weapons
 h - a +0 short sword
 k - a +0 hand axe
 n - a +0 hand axe
 o - a +0 morningstar
 r - a +0 falchion (weapon)
Missiles
 d - 148 stones
 l - 16 bolts
Armour
 a - a +0 robe (worn)
Jewellery
 s - a ring of ice
Scrolls
 c - a scroll of noise
 e - a scroll of teleportation
 g - 2 scrolls of magic mapping {unknown}
 i - 2 scrolls of enchant armour {unknown}
 j - a scroll of holy word
 m - a scroll of amnesia
 q - a scroll of identify
Potions
 b - a potion of flight {unknown}
 f - 2 potions of mutation
 p - a potion of attraction {unknown}


   Skills:
 * Level 1.4 Fighting
 + Level 2.0 Dodging
 + Level 1.8 Stealth
 * Level 4.5 Spellcasting
 + Level 2.2 Conjurations
 + Level 3.8 Fire Magic


You had 12 spell levels left.
You knew the following spells:

 Your Spells              Type           Power      Damage    Failure   Level
a - Foxfire               Conj/Fire      56%        2x1d6     4%          1

Your spell library contained the following spells:

 Spells                   Type           Power      Damage    Failure   Level
 Scorch                   Fire           34%        2d7       4%          2
 Conjure Flame            Conj/Fire      14%        6-21      12%         3
 Inner Flame              Hex/Fire       10%        N/A       19%         3
 Flame Wave               Conj/Fire      14%        2d6       38%         4


Dungeon Overview and Level Annotations

Branches:
Dungeon (4/15)
 Temple: D:4-7

Altars:

Shops:
D:1 :(*=


Innate Abilities, Weirdness & Mutations

You are too large for most types of armour.
You have tough skin. (AC +1)


Message History

r - a +0 falchion
r - a +0 falchion (weapon)
s - a ring of ice
There are no items here.
d - 148 stones (gained 21)
You now have 154 gold pieces (gained 11).
An iguana comes into view.
An orc and a wyvern come into view.
The iguana hisses angrily.
The wyvern hisses angrily.
You hear a shout!
Casting: Foxfire (safe; 4% risk of failure)
Confirm with . or Enter, or press ? or * to list all spells.
You conjure some foxfire!
The foxfire hits the wyvern.
The wyvern is lightly wounded.
The foxfire hits the wyvern.
The wyvern is moderately wounded.
Casting: Foxfire (safe; 4% risk of failure)
Confirm with . or Enter, or press ? or * to list all spells.
You miscast Foxfire.
You are very lightly contaminated with residual magic.
Nothing appears to happen.
The wyvern bites you.
Casting: Foxfire (safe; 4% risk of failure)
Confirm with . or Enter, or press ? or * to list all spells.
You miscast Foxfire.
Nothing appears to happen.
The wyvern bites you! x2
The wyvern barely misses you. The wyvern bites you!
* * * LOW HITPOINT WARNING * * *
Press: ? - help, v - describe, . - travel
Here: a wyvern (lightly wounded)
The floor.
Unknown command.
Casting: Foxfire (safe; 4% risk of failure)
Confirm with . or Enter, or press ? or * to list all spells.
You conjure some foxfire!
The wyvern bites you.
* * * LOW HITPOINT WARNING * * *
The foxfire hits the iguana.
The iguana is lightly wounded.
The foxfire hits the iguana but does no damage.
The iguana is lightly wounded.
The wyvern closely misses you. The wyvern bites you!
You die...

#.. ................# #
######'#######...........#
####........# #...........#
≈P..........#####...........#
P.≈P............+...........#
♣≈PP.≈......#####.........###
≈≈≈♣≈≈†P......# #.l.......#
PP≈≈♣≈≈PPPP##.###l.♣.≈....#
..≈≈≈♣≈≈≈P≈≈....@.≈≈≈≈♣...#
÷...≈♣≈≈≈≈≈..####..♣≈≈....#
.#≈≈≈)♣♣♣≈≈..# ####P≈#####
##.P≈♣♣♣≈≈P≈.# ####
#≈P≈≈≈♣♣≈≈≈P.# P≈≈♣≈≈≈≈PPP..#
≈♣≈≈♣≈≈≈.≈..## P≈P≈..≈....#
≈PPP≈##.##


You could see a wyvern and an iguana.

Vanquished Creatures
  A black bear (D:4)
  A hound skeleton (D:2)
  5 adders
  4 worms
  2 dart slugs (D:1)
  5 orcs
  A ball python (D:3)
  4 bats
  4 endoplasms
  2 giant cockroaches
  6 goblins
  4 hobgoblins
  2 jackals (D:1)
  4 quokkas (D:1)
  3 frilled lizards (D:2)
  3 kobolds (D:1)
  3 rats
54 creatures vanquished.

Vanquished Creatures (collateral kills)
  3 foxfires (D:4)
3 creatures vanquished.

Vanquished Creatures (others)
  200 foxfires
  22 plants (D:4)
222 creatures vanquished.

Grand Total: 279 creatures vanquished

Notes
Turn   | Place    | Note
-------+----------+-------------------------------------------
     0 | D:1      | unlimited1921 the Ogre Fire Elementalist began the quest
                  | for the Orb.
     0 | D:1      | Reached XP level 1. HP: 16/16 MP: 3/3
    71 | D:1      | Reached skill level 1 in Conjurations
   127 | D:1      | Reached XP level 2. HP: 24/24 MP: 0/5
   175 | D:1      | Found Wapp's General Store.
   321 | D:1      | Found Wihasch's Weapon Shoppe.
   329 | D:1      | Found Hikligaw's Book Shop.
   499 | D:1      | Found Detem's Jewellery Emporium.
   685 | D:1      | Reached skill level 3 in Spellcasting
   685 | D:1      | Reached XP level 3. HP: 24/31 MP: 1/7
  1647 | D:2      | Reached XP level 4. HP: 39/39 MP: 3/9
  3636 | D:3      | Reached XP level 5. HP: 44/45 MP: 7/10
  3987 | D:3      | Reached skill level 4 in Spellcasting
  5009 | D:4      | Noticed a black bear
  5024 | D:4      | Killed a black bear
  5025 | D:4      | Reached skill level 1 in Fighting
  5396 | D:4      | Noticed a wyvern
  5409 | D:4      | Mangled by a wyvern

Illustrated notes

Levels and vault maps discovered:
D:1:      grunt_arrival_crossed_arrows, layout_rooms, serial_shops,
          nicolae_shop_trees, shop, nicolae_diamond_shop, nicolae_diamond_shop
D:2:      layout_loops_ring
D:3:      layout_loops_ring
D:4:      layout_basic, serial_bayou, serial_bayou_lagoon_a,
          serial_bayou_ford_a, serial_bayou_pond_d, serial_bayou_shore_b,
          serial_bayou_pond_b, minmay_misc_feat_plants

Skill      XL: |  1  2  3  4  5 |
---------------+----------------+-----
Conjurations   | 1 2 |  2.2
Fire Magic     | 3 |  3.8
Spellcasting   | 3 4 |  4.5
Fighting       | 1 |  1.4
Dodging        | 2 |  2.0
Stealth        | |  1.8

Action                   |  1- 3 |  4- 6 || total
-------------------------+-------+-------++-------
Melee: Short sword       |    10 |    31 ||    41
       Punch             |       |     2 ||     2
 Cast: Foxfire           |    53 |    68 ||   121
  Use: Scroll            |       |     5 ||     5
 Stab: Sleeping          |       |     1 ||     1
Armor: Robe              |     8 |     3 ||    11
Dodge: Dodged            |    10 |    10 ||    20
